 Dungeon Crawl Stone Soup version 0.31.0-12-g77e489cdc1 (webtiles) character file.

Game seed: 7622387895849822402

5 Arctor the Firebug (level 1, -1/10 HPs)
             Began as a Deep Elf Fire Elementalist on Feb 13, 2024.
             Slain by a jackal (2 damage)
             ... on level 1 of the Dungeon.
             The game lasted 00:00:22 (208 turns).

Arctor the Firebug (Deep Elf Fire Elementalist)      Turns: 208, Time: 00:00:22

Health: -1/10      AC:  2    Str:  5    XL:     1   Next: 66%
Magic:  2/6        EV: 12    Int: 19    God:
Gold:   0          SH:  0    Dex: 15    Spells: 5/6 levels left

rFire   . . .        (no weapon)
rCold   . . .        (no shield)
rNeg    . . .        a - +0 robe
rPois   .            (no helmet)
rElec   .            (no cloak)
rCorr   .            (no gloves)
SInv    .            (no boots)
Will    .....        (no amulet)
Stlth   ++           (no ring)
HPRegen 0.21/turn    (no ring)
MPRegen 0.10/turn

%: no passive effects
@: no status effects
A: no striking features
a: no special abilities


You were on level 1 of the Dungeon.
You visited 1 branch of the dungeon, and saw 2 of its levels.

Inventory:

Armour
 a - a +0 robe (worn)
Scrolls
 c - a scroll of enchant armour {unknown}
Potions
 b - a potion of magic


   Skills:
 + Level 2.5 Dodging
 + Level 2.6 Stealth
 + Level 3.1 Spellcasting
 + Level 1.2 Conjurations
 + Level 3.3 Fire Magic


You had 5 spell levels left.
You knew the following spells:

 Your Spells              Type           Power      Damage    Failure   Level
a - Foxfire               Conj/Fire      44%        2x1d6     6%          1

Your spell library contained the following spells:

 Spells                   Type           Power      Damage    Failure   Level
 Scorch                   Fire           30%        2d6       5%          2
 Inner Flame              Hex/Fire       9%         N/A       22%         3
 Volatile Blastmotes      Fire/Tloc      18%        2d11      22%         3
 Flame Wave               Conj/Fire      11%        2d6       50%         4


Dungeon Overview and Level Annotations

Branches:
Dungeon (2/15)

Altars:


Message History

You miscast Foxfire.
You are very lightly contaminated with residual magic.
Nothing appears to happen.
The jackal barks!
The jackal misses you. The jackal closely misses you.
The jackal bites you but does no damage.
The jackal attacks as it pursues you! The jackal bites you. x3
Unknown command.
The jackal completely misses you. The jackal bites you.
Your magical contamination has completely faded away.
The jackal closely misses you.
Casting: Foxfire (safe; 6% risk of failure)
Confirm with . or Enter, or press ? or * to list all spells.
You don't know that spell.
Sorry, you're not good enough to have a special ability.
The jackal barely misses you. The jackal closely misses you.
The jackal bites you but does no damage.
The jackal attacks as it pursues you! The jackal bites you.
The jackal closely misses you. The jackal attacks as it pursues you!
The jackal bites you.
* * * LOW HITPOINT WARNING * * *
The jackal bites you but does no damage.
The jackal attacks as it pursues you! The jackal barely misses you.
The jackal bites you.
* * * LOW HITPOINT WARNING * * *
Casting: Foxfire (safe; 6% risk of failure)
Confirm with . or Enter, or press ? or * to list all spells.
You conjure some foxfire!
The jackal bites you.
* * * LOW HITPOINT WARNING * * *
Casting: Foxfire (safe; 6% risk of failure)
Confirm with . or Enter, or press ? or * to list all spells.
You conjure some foxfire!
The foxfire hits the jackal.
The jackal is almost dead.
The foxfire hits the jackal.
You kill the jackal!
The jackal bites you.
* * * LOW HITPOINT WARNING * * *
The jackal bites you.
You die...

######## #......#
#......# #......#
######.h.v..##
#.....h.@....#
#####
#.####..v....#
###.... #.#
#.......# ##...###
#h# #.......#
##..### #.#
#.......# ##..##
#.# #......## #.(##
#.##############.##
#...h........>...#
#############.####


You could see 2 jackals.

Vanquished Creatures
  A dart slug (D:1)
  A jackal (D:1)
  A kobold (D:1)
  2 ball pythons
5 creatures vanquished.

Vanquished Creatures (others)
  24 foxfires
24 creatures vanquished.

Grand Total: 29 creatures vanquished

Notes
Turn   | Place    | Note
-------+----------+-------------------------------------------
     0 | D:1      | Arctor the Deep Elf Fire Elementalist began the quest for
                  | the Orb.
     0 | D:1      | Reached XP level 1. HP: 10/10 MP: 6/6
   208 | D:1      | Slain by a jackal

Illustrated notes

Levels and vault maps discovered:
D:1:      heliophobic_arrival_ceremonial_halls, layout_basic,
          wad_floor_pattern_1
D:2:      layout_basic

Action                     || total
---------------------------++-------
   Cast: Foxfire           ||    18
 Armour: Robe              ||    14
  Dodge: Dodged            ||    14
